Map: Lost Temple

Players

Ecronoss

  • Race: Terran Terran
  • Spawn Location: 3:00

HORSES - Winner!

  • Race: Zerg Zerg
  • Spawn Location: 12:00

couchman - Winner!

  • Race: Terran Terran
  • Spawn Location: 9:00

Devley

  • Race: Terran Terran
  • Spawn Location: 6:00

VOD

Have the link to the VOD?

Description

Time

  • Played on: Dec. 10, 2021, 11:08 p.m.
  • Length: 13:24
Show
View Real Time Build Order
Export as new Build Order

Ecronoss Terran 

Build Orders:  

Get SALT Encoding   

  12  0:02  SCV  
  13  0:14  SCV  
  14  0:26  SCV  
  15  0:29  Supply Depot  
  15  0:50  SCV  
  15  0:53  Refinery  
  16  1:03  SCV  
  17  1:15  SCV  
  18  1:27  SCV  
  19  1:33  Supply Depot  
  19  1:39  SCV  
  20  1:51  SCV  
  20  1:52  Barracks  
  21  1:58  Supply Depot  
  21  2:06  SCV  
  22  2:15  Barracks  
  22  2:18  SCV  
  22  2:22  Supply Depot  
  23  2:30  SCV  
  24  2:41  Engineering Bay  
  24  2:43  Marine  
  25  2:52  Orbital Command  
  25  3:00  Marine  
  26  3:18  Marine  
  27  3:36  Marine  
  28  3:54  Marine  
  29  3:56  Missile Turret  
  29  3:58  SCV  
  30  4:17  Missile Turret  
  30  4:38  Marine  
  30  4:43  Missile Turret  
  31  4:52  Reaper  
  32  4:57  Reaper  
  33  5:24  Reaper  
  34  5:28  Supply Depot  
  34  5:29  Reaper  
  35  5:41  Terran Infantry Weapons Level 1  
  35  5:52  Supply Depot  
  35  5:56  Marine  
  36  6:01  Reaper  
  37  6:10  Bunker  
  37  6:14  Marine  
  38  6:32  Marine  
  39  6:33  Reaper  
  39  6:34  Supply Depot  
  40  6:57  Missile Turret, Supply Depot  
  40  7:17  Missile Turret  
  40  7:23  Supply Depot  
  40  7:34  Engineering Bay  
  40  7:35  Terran Infantry Armor Level 1  
  40  7:37  Missile Turret  
  40  7:40  Factory  
  40  7:47  Supply Depot  
  40  7:57  Missile Turret  
  40  8:17  Marine, Missile Turret  
  41  8:20  Reaper  
  38  8:35  Marine  
  38  8:38  Missile Turret  
  32  8:52  Reaper  
  32  8:53  Marine  
  34  9:03  Supply Depot  
  34  9:06  Missile Turret  
  34  9:11  Marine  
  35  9:24  Reaper  
  35  9:26  Missile Turret, Supply Depot  
  35  9:29  Marine  
  37  9:46  Missile Turret  
  37  9:47  Marine  
  37  9:48  Supply Depot, Armory  
  38  9:56  Marine  
  39  10:04  Marine  
  39  10:06  Missile Turret  
  35  10:11  Supply Depot  
  35  10:14  Marine  
  32  10:22  Marine  
  32  10:26  Missile Turret  
  18  10:36  Armory  
Show
View Real Time Build Order
Export as new Build Order

HORSES Zerg - Winner!

Build Orders: Pool First 

Get SALT Encoding   

  12  0:15  Drone x2  
  12  0:19  Overlord  
  14  0:43  Drone  
  14  0:44  Drone  
  16  0:55  Drone  
  17  1:07  Spawning Pool  
  16  1:19  Drone x2  
  18  1:27  Drone  
  19  1:36  Extractor  
  19  1:38  Extractor  
  17  1:47  Drone x2  
  17  1:51  Hatchery  
  18  1:54  Queen  
  20  2:07  Zergling x4  
  22  2:29  Overlord x2  
  22  2:48  Zergling x2  
  22  2:49  Zergling x2  
  24  3:00  Queen  
  26  3:16  Drone x2  
  26  3:19  Queen  
  30  3:28  Drone x3  
  30  3:31  Drone x2  
  35  3:36  Queen  
  37  3:56  Drone x3  
  40  4:24  Overlord x2  
  40  4:25  Overlord  
  40  4:37  Drone x3  
  44  4:52  Drone  
  44  5:01  Zergling x4  
  44  5:04  Overlord  
  46  5:09  Drone  
  47  6:20  Drone  
  48  6:28  Drone x2  
  50  6:35  Extractor  
  50  6:37  Drone x2  
  50  6:38  Drone  
  52  7:09  Roach Warren  
  51  8:24  Lair  
  57  8:27  Roach x7  
  57  8:28  Roach x5  
  57  8:33  Overlord x2  
  75  8:38  Lair  
  75  9:01  Overlord x2  
  75  9:59  Roach x2  
  83  10:00  Roach x8  
  83  10:03  Roach  
  83  10:04  Roach x5  
  83  10:06  Glial Reconstitution  
  105  11:15  Roach  
  107  11:19  Overlord  
  107  11:20  Overlord x2  
  107  11:45  Overlord  
  107  11:46  Overlord  
  107  11:52  Roach  
  107  11:53  Roach x2  
Show
View Real Time Build Order
Export as new Build Order

couchman Terran - Winner!

Build Orders: Command Center First (CC) 

Get SALT Encoding   

  12  0:01  SCV  
  13  0:14  SCV  
  13  0:20  Supply Depot  
  14  0:31  SCV  
  15  0:43  SCV  
  15  0:45  Refinery  
  16  0:55  SCV  
  17  1:12  Command Center  
  17  1:14  SCV  
  18  1:28  SCV  
  19  1:34  Supply Depot  
  19  1:40  SCV  
  20  1:53  SCV  
  21  1:56  Supply Depot  
  21  2:06  SCV  
  22  2:11  Refinery  
  22  2:22  Barracks  
  22  2:26  SCV  
  22  2:28  SCV  
  24  2:38  SCV  
  24  2:40  SCV  
  26  2:51  SCV  
  26  2:53  SCV  
  28  3:03  SCV  
  28  3:05  SCV  
  30  3:15  SCV  
  30  3:17  SCV  
  32  3:21  Barracks Tech Lab  
  32  3:27  SCV  
  32  3:28  Engineering Bay  
  32  3:32  SCV  
  34  3:40  SCV  
  35  3:43  Marine  
  35  3:44  SCV  
  35  3:47  Combat Shield  
  37  3:55  Terran Infantry Weapons Level 1  
  37  3:56  SCV  
  37  4:00  Marine  
  39  4:05  Barracks  
  39  4:08  SCV  
  40  4:18  Marine  
  40  4:20  SCV  
  42  4:26  Command Center  
  42  4:36  Marine  
  43  4:54  Marine  
  43  4:56  Barracks Reactor  
  44  5:00  Factory  
  44  5:06  Stimpack  
  44  5:10  Orbital Command  
  44  5:12  Marine, SCV  
  46  5:24  SCV  
  47  5:29  Marine  
  48  5:46  Barracks  
  48  5:47  Marine  
  48  5:49  Terran Infantry Armor Level 1  
  49  5:57  SCV  
  49  5:59  Refinery  
  50  6:13  Marine x2  
  50  6:16  Marine  
  53  6:20  Factory Tech Lab  
  53  6:31  Marine x2  
  55  6:33  Marine  
  55  6:35  Starport  
  55  6:38  SCV  
  57  6:43  SCV  
  58  6:49  Marine x2  
  58  6:50  SCV  
  58  6:51  Marine  
  58  6:52  Refinery  
  62  6:55  SCV  
  63  7:02  SCV  
  63  7:03  Supply Depot  
  63  7:07  Marine x2  
  66  7:09  Marine  
  66  7:14  SCV  
  66  7:15  Barracks Reactor  
  68  7:24  Marine  
  68  7:25  Marine  
  68  7:26  Supply Depot, SCV  
  68  7:27  Marine  
  72  7:36  Command Center  
  72  7:42  Marine x2, SCV  
  75  7:45  Marine  
  75  7:47  SCV  
  75  7:49  Supply Depot  
  77  7:52  Neosteel Armor  
  77  7:55  SCV  
  76  7:59  SCV  
  76  8:00  Marine x2  
  76  8:02  Marine  
  78  8:11  Supply Depot, SCV  
  78  8:20  Marine  
  78  8:24  SCV  
  80  8:33  Supply Depot  
  78  8:36  SCV  
  77  8:54  Siege Tank  
  80  8:57  Supply Depot  
  80  9:01  Starport Tech Lab  
  80  9:02  Infernal Pre-Igniter  
  80  9:06  Concussive Shells  
  80  9:12  SCV  
  80  9:14  SCV  
  82  9:19  Supply Depot  
  82  9:22  Banshee  
  82  9:24  SCV  
  86  9:26  Siege Tank, SCV  
  86  9:27  Marine x5  
  95  9:32  Hi-Sec Auto Tracking  
  95  9:36  SCV  
  95  9:38  SCV  
  97  9:42  Supply Depot  
  97  9:45  Marine x5  
  99  9:48  SCV  
  99  9:50  SCV  
  103  9:58  Siege Tank  
  101  10:00  SCV  
  101  10:02  SCV  
  101  10:03  Marine x5  
  101  10:05  Supply Depot, Banshee  
  110  10:20  Marine  
  110  10:21  Marine x4, Mag-Field Accelerator  
  115  10:30  Siege Tank, Supply Depot  
  118  10:39  Marine  
  119  10:48  Banshee  
  122  10:53  Supply Depot  
  122  11:02  Siege Tank  
  125  11:16  Supply Depot  
  125  11:30  Banshee  
  125  11:39  Supply Depot  
  119  12:02  Supply Depot  
  119  12:13  Banshee  
  119  12:26  Supply Depot  
  119  12:48  Supply Depot  
Show
View Real Time Build Order
Export as new Build Order

Devley Terran 

Build Orders:  

Get SALT Encoding   

  12  0:09  SCV  
  13  0:21  SCV  
  13  0:22  Refinery  
  14  0:53  Supply Depot  
  14  0:59  SCV  
  15  1:14  SCV  
  16  1:26  SCV  
  16  1:32  Barracks  
  17  1:38  SCV  
  18  1:51  SCV  
  19  2:01  Refinery  
  19  2:39  SCV  
  20  2:51  Marine, SCV  
  22  3:02  Supply Depot  
  22  3:03  SCV  
  23  3:16  Supply Depot  
  23  3:24  Marine, SCV  
  25  3:36  Command Center  
  25  3:41  Marine  
  25  3:45  Supply Depot  
  26  3:50  Supply Depot  
  26  3:59  Marine  
  27  4:17  Marine  
  28  4:27  Bunker  
  28  4:35  Marine  
  29  4:48  Engineering Bay  
  29  4:56  SCV  
  30  5:08  SCV  
  31  5:15  Bunker  
  31  5:20  SCV  
  32  5:27  Terran Infantry Weapons Level 1  
  32  5:32  SCV  
  33  5:44  SCV  
  33  5:45  Marine  
  35  5:56  SCV  
  36  5:57  Missile Turret  
  36  6:02  Marine  
  36  6:03  SCV  
  38  6:08  SCV  
  39  6:15  SCV  
  40  6:20  Marine, Bunker  
  40  6:21  SCV  
  42  6:38  Marine  
  43  6:41  Missile Turret  
  43  6:56  Marine  
  44  7:05  Missile Turret  
  44  7:21  Missile Turret, Terran Infantry Armor Level 1  
  44  7:49  Missile Turret  
  44  7:53  Bunker  
  22  8:39  Marine  
  23  8:57  Marine  
  24  9:06  SCV  
  25  9:14  Marine  
  25  9:15  Hi-Sec Auto Tracking  
  26  9:18  SCV  
  27  9:30  SCV  
  28  9:32  Marine  
  29  9:42  SCV  
  30  9:50  Marine  
  31  9:54  SCV  
  32  10:12  Neosteel Armor  
  32  10:36  Barracks Tech Lab  
  32  11:02  Factory  
  32  11:54  Missile Turret  
Tags
 
Add a new tag
Caveats
  • Supply blocks, unpowered buildings, or Contaminate may cause inaccurate times.
  • Supply counts are checked every 10 seconds.